 Dungeon Crawl Stone Soup version 0.26.0-10-g1f06aea511 (webtiles) character file.

Game seed: 7756933278814027216

77 funkygono the Firebug (level 4, -10/33 HPs)
             Began as a Draconian Fire Elementalist on Jan 27, 2021.
             Mangled by Crazy Yiuf
             ... wielding a +4 quarterstaff of chaos
              (12 damage)
             ... on level 2 of the Dungeon.
             The game lasted 00:04:34 (1940 turns).

funkygono the Firebug (Draconian Fire Elementalist) Turns: 1940, Time: 00:04:37

Health: -10/33     AC:  5    Str: 10    XL:     4   Next: 13%
Magic:  3/8        EV: 12    Int: 16    God:
Gold:   73         SH:  0    Dex: 12    Spells: 2/9 levels left

rFire    . . .     SeeInvis .   a - +0 dagger
rCold    . . .     Faith    .   (no shield)
rNeg     . . .     Spirit   .   (armour unavailable)
rPois    .         Reflect  .   (helmet restricted)
rElec    .         Harm     .   (no cloak)
rCorr    .         Rampage  .   (no gloves)
Will     .....                  (no boots)
Stlth    ++........             (no amulet)
HPRegen  0.11/turn              (no ring)
MPRegen  0.11/turn              (no ring)

@: lethally poisoned (-10 -> -19)
A: unfitting armour, cold-blooded, AC +5
a: no special abilities


You were on level 2 of the Dungeon.
You visited 1 branch of the dungeon, and saw 2 of its levels.

You collected 73 gold pieces.

Inventory:

Hand Weapons
 a - a +0 dagger (weapon)
Jewellery
 g - an uncursed ring of willpower {unknown}
Scrolls
 c - a scroll of identify
 d - 3 scrolls of fear
 e - 2 scrolls of noise {unknown}
 f - a scroll of enchant armour {unknown}
 h - a scroll of immolation {unknown}
 i - 2 scrolls of blinking {unknown}
 m - a scroll of teleportation
Potions
 b - a potion of might {unknown}
 j - a potion of curing {unknown}
 k - a potion of invisibility {unknown}
 l - a potion of lignification {unknown}


   Skills:
 + Level 2.1 Dodging
 + Level 1.8 Stealth
 * Level 3.0 Spellcasting
 * Level 1.5 Conjurations
 * Level 3.8 Fire Magic


You had 2 spell levels left.
You knew the following spells:

 Your Spells              Type           Power        Failure   Level
a - Foxfire               Conj/Fire      44%          6%          1
b - Conjure Flame         Conj/Fire      11%          19%         3
c - Inner Flame           Hex/Fire       8%           26%         3

Your spell library contained the following spells:

 Spells                   Type           Power        Failure   Level
 Sticky Flame             Conj/Fire      11%          52%         4
 Fireball                 Conj/Fire      5%           86%         5


Dungeon Overview and Level Annotations

Branches:
Dungeon (2/15)

Altars:

Annotations:
D:2 Crazy Yiuf


Innate Abilities, Weirdness & Mutations

Your plain brown scales are hard. (AC +5)
You cannot fit into any form of body armour.
You are cold-blooded and may be slowed by cold attacks.


Message History

Crazy Yiuf closely misses you.
Casting: Foxfire (safe; 6% risk of failure)
Confirm with . or Enter, or press ? or * to list all spells.
You conjure some foxfire!
The foxfire hits Crazy Yiuf but does no damage.
Crazy Yiuf is severely wounded.
The foxfire hits Crazy Yiuf.
Crazy Yiuf is almost dead.
Crazy Yiuf says, "Crazy?
Crazy!?
PORCUPINE!"
Crazy Yiuf hits you with a +4 quarterstaff of chaos.
* * * LOW HITPOINT WARNING * * *
You are lethally poisoned!
Your magical contamination has completely faded away.
Casting: Foxfire (safe; 6% risk of failure)
Confirm with . or Enter, or press ? or * to list all spells.
You conjure some foxfire!
* * * LOW HITPOINT WARNING * * *
You feel sick.
Crazy Yiuf hits you with a +4 quarterstaff of chaos!
You die...

..........#....)......[..###.....
.....####........................
.................................
.#.#.####........#...####........
.#.....##.#.......######.........
.#.....##.#......................
.#......#.#..................####
.#......#.#...#.v#...........####
........#.#...#.@..#####.....##..
...............v.g...............
........#.#..###....####.........
........#.#..# #....# #.........
........#.#..# #....# #.........
.............# #...## #.........
........#.##.# ##.## #.(.......
........#.#..# #.## #.####....
..........#..# ##.# #.# #....


You could see Crazy Yiuf.

Vanquished Creatures
  2 adders (D:2)
  2 oozes
  A worm (D:2)
  4 leopard geckos
  5 giant cockroaches
  4 goblins
  6 hobgoblins
  5 bats
  3 frilled lizards
  7 kobolds
  2 rats
41 creatures vanquished.

Vanquished Creatures (others)
  127 foxfires
127 creatures vanquished.

Grand Total: 168 creatures vanquished

Notes
Turn   | Place    | Note
-------+----------+-------------------------------------------
     0 | D:1      | funkygono the Draconian Fire Elementalist began the quest
                  | for the Orb.
     0 | D:1      | Reached XP level 1. HP: 14/14 MP: 3/3
   154 | D:1      | Reached XP level 2. HP: 15/20 MP: 1/5
   689 | D:1      | Reached XP level 3. HP: 26/26 MP: 0/6
   693 | D:1      | Learned a level 3 spell: Conjure Flame
   697 | D:1      | Learned a level 3 spell: Inner Flame
  1253 | D:2      | Reached XP level 4. HP: 33/33 MP: 4/8
  1613 | D:2      | Found a runed translucent door.
  1614 | D:2      | Noticed Crazy Yiuf
  1940 | D:2      | Mangled by Crazy Yiuf

Illustrated notes

Levels and vault maps discovered:
D:1:      tarquinn_simple_flora_water_e, layout_basic
D:2:      layout_basic, uniq_crazy_yiuf_cottage

Skill      XL: |  1  2  3  4 |
---------------+-------------+-----
Dodging        | 2 |  2.1
Spellcasting   | 3 |  3.0
Stealth        | |  1.8
Conjurations   | |  1.5
Fire Magic     | |  3.8

Action                   |  1- 3 |  4- 6 || total
-------------------------+-------+-------++-------
Melee: Dagger            |     5 |       ||     5
 Cast: Foxfire           |    58 |    15 ||    73
  Use: Scroll            |     2 |       ||     2
Armor: Skin              |    10 |       ||    10
Dodge: Dodged            |    26 |     2 ||    28
